Workbook

Sheet 📊 Resumen Anual
A2: 💰 GESTOR PERSONAL DE FINANZAS 💰
A3: ──────────────────────────────────────────────────────────────────────────────────────────────────────────────
A4: 💵 Ingresos Totales | C4: 💸 Gastos Totales | E4: 🏦 Ahorro Total | G4: 📈 Inversiones Total | I4: 💎 Patrimonio Neto | K4: 📊 Tasa de Ahorro
A5: =SUM(B9:B20) -> 0 | C5: =SUM(C9:C20) -> 0 | E5: =SUM(D9:D20) -> 0 | G5: =SUM(E9:E20) -> 0 | I5: =A5-C5 -> 0 | K5: =IFERROR(A5/C5,0) -> 0
A8: Mes | B8: Ingresos (€) | C8: Gastos (€) | D8: Ahorro (€) | E8: Inversiones (€) | F8: Balance (€) | G8: % Ahorro | H8: % Gastos | I8: Acum. Ahorro (€) | J8: Acum. Invers. (€)
A9: Enero | B9: =Enero!B2 -> 0 | C9: =Enero!C2 -> 0 | D9: =Enero!D2 -> 0 | E9: =Enero!E2 -> 0 | F9: =B9-C9 -> 0 | G9: =IFERROR(D9/B9,0) -> 0 | H9: =IFERROR(C9/B9,0) -> 0 | I9: =D9 -> 0 | J9: =E9 -> 0
A10: Febrero | B10: =Febrero!B2 -> 0 | C10: =Febrero!C2 -> 0 | D10: =Febrero!D2 -> 0 | E10: =Febrero!E2 -> 0 | F10: =B10-C10 -> 0 | G10: =IFERROR(D10/B10,0) -> 0 | H10: =IFERROR(C10/B10,0) -> 0 | I10: =I9+D10 -> 0 | J10: =J9+E10 -> 0
A11: Marzo | B11: =Marzo!B2 -> 0 | C11: =Marzo!C2 -> 0 | D11: =Marzo!D2 -> 0 | E11: =Marzo!E2 -> 0 | F11: =B11-C11 -> 0 | G11: =IFERROR(D11/B11,0) -> 0 | H11: =IFERROR(C11/B11,0) -> 0 | I11: =I10+D11 -> 0 | J11: =J10+E11 -> 0
A12: Abril | B12: =Abril!B2 -> 0 | C12: =Abril!C2 -> 0 | D12: =Abril!D2 -> 0 | E12: =Abril!E2 -> 0 | F12: =B12-C12 -> 0 | G12: =IFERROR(D12/B12,0) -> 0 | H12: =IFERROR(C12/B12,0) -> 0 | I12: =I11+D12 -> 0 | J12: =J11+E12 -> 0
A13: Mayo | B13: =Mayo!B2 -> 0 | C13: =Mayo!C2 -> 0 | D13: =Mayo!D2 -> 0 | E13: =Mayo!E2 -> 0 | F13: =B13-C13 -> 0 | G13: =IFERROR(D13/B13,0) -> 0 | H13: =IFERROR(C13/B13,0) -> 0 | I13: =I12+D13 -> 0 | J13: =J12+E13 -> 0
A14: Junio | B14: =Junio!B2 -> 0 | C14: =Junio!C2 -> 0 | D14: =Junio!D2 -> 0 | E14: =Junio!E2 -> 0 | F14: =B14-C14 -> 0 | G14: =IFERROR(D14/B14,0) -> 0 | H14: =IFERROR(C14/B14,0) -> 0 | I14: =I13+D14 -> 0 | J14: =J13+E14 -> 0
A15: Julio | B15: =Julio!B2 -> 0 | C15: =Julio!C2 -> 0 | D15: =Julio!D2 -> 0 | E15: =Julio!E2 -> 0 | F15: =B15-C15 -> 0 | G15: =IFERROR(D15/B15,0) -> 0 | H15: =IFERROR(C15/B15,0) -> 0 | I15: =I14+D15 -> 0 | J15: =J14+E15 -> 0
A16: Agosto | B16: =Agosto!B2 -> 0 | C16: =Agosto!C2 -> 0 | D16: =Agosto!D2 -> 0 | E16: =Agosto!E2 -> 0 | F16: =B16-C16 -> 0 | G16: =IFERROR(D16/B16,0) -> 0 | H16: =IFERROR(C16/B16,0) -> 0 | I16: =I15+D16 -> 0 | J16: =J15+E16 -> 0
A17: Septiembre | B17: =Septiembre!B2 -> 0 | C17: =Septiembre!C2 -> 0 | D17: =Septiembre!D2 -> 0 | E17: =Septiembre!E2 -> 0 | F17: =B17-C17 -> 0 | G17: =IFERROR(D17/B17,0) -> 0 | H17: =IFERROR(C17/B17,0) -> 0 | I17: =I16+D17 -> 0 | J17: =J16+E17 -> 0
A18: Octubre | B18: =Octubre!B2 -> 0 | C18: =Octubre!C2 -> 0 | D18: =Octubre!D2 -> 0 | E18: =Octubre!E2 -> 0 | F18: =B18-C18 -> 0 | G18: =IFERROR(D18/B18,0) -> 0 | H18: =IFERROR(C18/B18,0) -> 0 | I18: =I17+D18 -> 0 | J18: =J17+E18 -> 0
A19: Noviembre | B19: =Noviembre!B2 -> 0 | C19: =Noviembre!C2 -> 0 | D19: =Noviembre!D2 -> 0 | E19: =Noviembre!E2 -> 0 | F19: =B19-C19 -> 0 | G19: =IFERROR(D19/B19,0) -> 0 | H19: =IFERROR(C19/B19,0) -> 0 | I19: =I18+D19 -> 0 | J19: =J18+E19 -> 0
A20: Diciembre | B20: =Diciembre!B2 -> 0 | C20: =Diciembre!C2 -> 0 | D20: =Diciembre!D2 -> 0 | E20: =Diciembre!E2 -> 0 | F20: =B20-C20 -> 0 | G20: =IFERROR(D20/B20,0) -> 0 | H20: =IFERROR(C20/B20,0) -> 0 | I20: =I19+D20 -> 0 | J20: =J19+E20 -> 0
A21: TOTAL ANUAL | B21: =SUM(B9:B20) -> 0 | C21: =SUM(C9:C20) -> 0 | D21: =SUM(D9:D20) -> 0 | E21: =SUM(E9:E20) -> 0 | F21: =SUM(F9:F20) -> 0 | G21: =IFERROR(D21/B21,0) -> 0 | H21: =IFERROR(C21/B21,0) -> 0 | I21: =SUM(I9:I20) -> 0 | J21: =SUM(J9:J20) -> 0

Sheet Enero
A1: 💰 ENERO — REGISTRO FINANCIERO PERSONAL
A2: RESUMEN DEL MES | B2: =B13 -> 0 | C2: =D20 -> 0 | D2: =B24 -> 0 | E2: =D33 -> 0
A3: 💰 BALANCE NETO | B3: =B2-C2 -> 0 | C3: 📊 % AHORRO/ING. | D3: =IFERROR(D2/B2,0) -> 0 | E3: 📈 % INVEST/ING.
A5: 💵 INGRESOS | C5: 💸 GASTOS
A6: Fuente de ingreso | B6: Importe (€) | C6: Categoría | D6: Importe (€)
A7: Salario principal | B7: 0 | C7: 🏠 Vivienda/Alquiler | D7: 0
A8: Salario secundario/Freelance | B8: 0 | C8: 🍽️ Alimentación | D8: 0
A9: Dividendos | B9: 0 | C9: 🚗 Transporte | D9: 0
A10: Alquileres | B10: 0 | C10: 💊 Salud/Farmacia | D10: 0
A11: Otros ingresos | B11: 0 | C11: 🎭 Ocio/Entretenimiento | D11: 0
A12: Ingresos extra | B12: 0 | C12: 👔 Ropa/Moda | D12: 0
A13: TOTAL INGRESOS | B13: =SUM(B7:B12) -> 0 | C13: 📱 Tecnología/Suscripciones | D13: 0
C14: 🎓 Educación/Formación | D14: 0
A15: 🏦 AHORRO | C15: ✈️ Viajes | D15: 0
A16: Tipo de ahorro | B16: Importe (€) | C16: 💆 Bienestar/Deporte | D16: 0
A17: 🏦 Cuenta de ahorro | B17: 0 | C17: 🎁 Regalos/Donaciones | D17: 0
A18: 💰 Fondo de emergencia | B18: 0 | C18: 🔧 Hogar/Reparaciones | D18: 0
A19: 🎯 Ahorro objetivo 1 | B19: 0 | C19: 📦 Otros gastos | D19: 0
A20: 🎯 Ahorro objetivo 2 | B20: 0 | C20: TOTAL GASTOS | D20: =SUM(D7:D19) -> 0
A21: 🏡 Ahorro vivienda | B21: 0
A22: 📚 Ahorro educación | B22: 0 | C22: 📈 INVERSIONES
A23: 🌴 Ahorro vacaciones | B23: 0 | C23: Tipo de inversión | D23: Importe (€)
A24: TOTAL AHORRO | B24: =SUM(B17:B23) -> 0 | C24: 📈 Acciones (Bolsa) | D24: 0
C25: 🔵 ETFs / Fondos Índice | D25: 0
C26: 🏦 Fondos de inversión | D26: 0
C27: 📊 Renta Fija / Bonos | D27: 0
C28: 🏠 Inmobiliario / REITs | D28: 0
C29: ₿ Criptomonedas | D29: 0
C30: 💼 Plan de Pensiones | D30: 0
C31: 🌱 Crowdfunding | D31: 0
C32: 💛 Otros activos | D32: 0
C33: TOTAL INVERSIONES | D33: =SUM(D24:D32) -> 0
A35: ℹ️ Introduce los importes en las celdas azules. Las celdas negras son fórmulas automáticas.

Sheet Febrero
A1: 💰 FEBRERO — REGISTRO FINANCIERO PERSONAL
A2: RESUMEN DEL MES | B2: =B13 -> 0 | C2: =D20 -> 0 | D2: =B24 -> 0 | E2: =D33 -> 0
A3: 💰 BALANCE NETO | B3: =B2-C2 -> 0 | C3: 📊 % AHORRO/ING. | D3: =IFERROR(D2/B2,0) -> 0 | E3: 📈 % INVEST/ING.
A5: 💵 INGRESOS | C5: 💸 GASTOS
A6: Fuente de ingreso | B6: Importe (€) | C6: Categoría | D6: Importe (€)
A7: Salario principal | B7: 0 | C7: 🏠 Vivienda/Alquiler | D7: 0
A8: Salario secundario/Freelance | B8: 0 | C8: 🍽️ Alimentación | D8: 0
A9: Dividendos | B9: 0 | C9: 🚗 Transporte | D9: 0
A10: Alquileres | B10: 0 | C10: 💊 Salud/Farmacia | D10: 0
A11: Otros ingresos | B11: 0 | C11: 🎭 Ocio/Entretenimiento | D11: 0
A12: Ingresos extra | B12: 0 | C12: 👔 Ropa/Moda | D12: 0
A13: TOTAL INGRESOS | B13: =SUM(B7:B12) -> 0 | C13: 📱 Tecnología/Suscripciones | D13: 0
C14: 🎓 Educación/Formación | D14: 0
A15: 🏦 AHORRO | C15: ✈️ Viajes | D15: 0
A16: Tipo de ahorro | B16: Importe (€) | C16: 💆 Bienestar/Deporte | D16: 0
A17: 🏦 Cuenta de ahorro | B17: 0 | C17: 🎁 Regalos/Donaciones | D17: 0
A18: 💰 Fondo de emergencia | B18: 0 | C18: 🔧 Hogar/Reparaciones | D18: 0
A19: 🎯 Ahorro objetivo 1 | B19: 0 | C19: 📦 Otros gastos | D19: 0
A20: 🎯 Ahorro objetivo 2 | B20: 0 | C20: TOTAL GASTOS | D20: =SUM(D7:D19) -> 0
A21: 🏡 Ahorro vivienda | B21: 0
A22: 📚 Ahorro educación | B22: 0 | C22: 📈 INVERSIONES
A23: 🌴 Ahorro vacaciones | B23: 0 | C23: Tipo de inversión | D23: Importe (€)
A24: TOTAL AHORRO | B24: =SUM(B17:B23) -> 0 | C24: 📈 Acciones (Bolsa) | D24: 0
C25: 🔵 ETFs / Fondos Índice | D25: 0
C26: 🏦 Fondos de inversión | D26: 0
C27: 📊 Renta Fija / Bonos | D27: 0
C28: 🏠 Inmobiliario / REITs | D28: 0
C29: ₿ Criptomonedas | D29: 0
C30: 💼 Plan de Pensiones | D30: 0
C31: 🌱 Crowdfunding | D31: 0
C32: 💛 Otros activos | D32: 0
C33: TOTAL INVERSIONES | D33: =SUM(D24:D32) -> 0
A35: ℹ️ Introduce los importes en las celdas azules. Las celdas negras son fórmulas automáticas.

Sheet Marzo
A1: 💰 MARZO — REGISTRO FINANCIERO PERSONAL
A2: RESUMEN DEL MES | B2: =B13 -> 0 | C2: =D20 -> 0 | D2: =B24 -> 0 | E2: =D33 -> 0
A3: 💰 BALANCE NETO | B3: =B2-C2 -> 0 | C3: 📊 % AHORRO/ING. | D3: =IFERROR(D2/B2,0) -> 0 | E3: 📈 % INVEST/ING.
A5: 💵 INGRESOS | C5: 💸 GASTOS
A6: Fuente de ingreso | B6: Importe (€) | C6: Categoría | D6: Importe (€)
A7: Salario principal | B7: 0 | C7: 🏠 Vivienda/Alquiler | D7: 0
A8: Salario secundario/Freelance | B8: 0 | C8: 🍽️ Alimentación | D8: 0
A9: Dividendos | B9: 0 | C9: 🚗 Transporte | D9: 0
A10: Alquileres | B10: 0 | C10: 💊 Salud/Farmacia | D10: 0
A11: Otros ingresos | B11: 0 | C11: 🎭 Ocio/Entretenimiento | D11: 0
A12: Ingresos extra | B12: 0 | C12: 👔 Ropa/Moda | D12: 0
A13: TOTAL INGRESOS | B13: =SUM(B7:B12) -> 0 | C13: 📱 Tecnología/Suscripciones | D13: 0
C14: 🎓 Educación/Formación | D14: 0
A15: 🏦 AHORRO | C15: ✈️ Viajes | D15: 0
A16: Tipo de ahorro | B16: Importe (€) | C16: 💆 Bienestar/Deporte | D16: 0
A17: 🏦 Cuenta de ahorro | B17: 0 | C17: 🎁 Regalos/Donaciones | D17: 0
A18: 💰 Fondo de emergencia | B18: 0 | C18: 🔧 Hogar/Reparaciones | D18: 0
A19: 🎯 Ahorro objetivo 1 | B19: 0 | C19: 📦 Otros gastos | D19: 0
A20: 🎯 Ahorro objetivo 2 | B20: 0 | C20: TOTAL GASTOS | D20: =SUM(D7:D19) -> 0
A21: 🏡 Ahorro vivienda | B21: 0
A22: 📚 Ahorro educación | B22: 0 | C22: 📈 INVERSIONES
A23: 🌴 Ahorro vacaciones | B23: 0 | C23: Tipo de inversión | D23: Importe (€)
A24: TOTAL AHORRO | B24: =SUM(B17:B23) -> 0 | C24: 📈 Acciones (Bolsa) | D24: 0
C25: 🔵 ETFs / Fondos Índice | D25: 0
C26: 🏦 Fondos de inversión | D26: 0
C27: 📊 Renta Fija / Bonos | D27: 0
C28: 🏠 Inmobiliario / REITs | D28: 0
C29: ₿ Criptomonedas | D29: 0
C30: 💼 Plan de Pensiones | D30: 0
C31: 🌱 Crowdfunding | D31: 0
C32: 💛 Otros activos | D32: 0
C33: TOTAL INVERSIONES | D33: =SUM(D24:D32) -> 0
A35: ℹ️ Introduce los importes en las celdas azules. Las celdas negras son fórmulas automáticas.

Sheet Abril
A1: 💰 ABRIL — REGISTRO FINANCIERO PERSONAL
A2: RESUMEN DEL MES | B2: =B13 -> 0 | C2: =D20 -> 0 | D2: =B24 -> 0 | E2: =D33 -> 0
A3: 💰 BALANCE NETO | B3: =B2-C2 -> 0 | C3: 📊 % AHORRO/ING. | D3: =IFERROR(D2/B2,0) -> 0 | E3: 📈 % INVEST/ING.
A5: 💵 INGRESOS | C5: 💸 GASTOS
A6: Fuente de ingreso | B6: Importe (€) | C6: Categoría | D6: Importe (€)
A7: Salario principal | B7: 0 | C7: 🏠 Vivienda/Alquiler | D7: 0
A8: Salario secundario/Freelance | B8: 0 | C8: 🍽️ Alimentación | D8: 0
A9: Dividendos | B9: 0 | C9: 🚗 Transporte | D9: 0
A10: Alquileres | B10: 0 | C10: 💊 Salud/Farmacia | D10: 0
A11: Otros ingresos | B11: 0 | C11: 🎭 Ocio/Entretenimiento | D11: 0
A12: Ingresos extra | B12: 0 | C12: 👔 Ropa/Moda | D12: 0
A13: TOTAL INGRESOS | B13: =SUM(B7:B12) -> 0 | C13: 📱 Tecnología/Suscripciones | D13: 0
C14: 🎓 Educación/Formación | D14: 0
A15: 🏦 AHORRO | C15: ✈️ Viajes | D15: 0
A16: Tipo de ahorro | B16: Importe (€) | C16: 💆 Bienestar/Deporte | D16: 0
A17: 🏦 Cuenta de ahorro | B17: 0 | C17: 🎁 Regalos/Donaciones | D17: 0
A18: 💰 Fondo de emergencia | B18: 0 | C18: 🔧 Hogar/Reparaciones | D18: 0
A19: 🎯 Ahorro objetivo 1 | B19: 0 | C19: 📦 Otros gastos | D19: 0
A20: 🎯 Ahorro objetivo 2 | B20: 0 | C20: TOTAL GASTOS | D20: =SUM(D7:D19) -> 0
A21: 🏡 Ahorro vivienda | B21: 0
A22: 📚 Ahorro educación | B22: 0 | C22: 📈 INVERSIONES
A23: 🌴 Ahorro vacaciones | B23: 0 | C23: Tipo de inversión | D23: Importe (€)
A24: TOTAL AHORRO | B24: =SUM(B17:B23) -> 0 | C24: 📈 Acciones (Bolsa) | D24: 0
C25: 🔵 ETFs / Fondos Índice | D25: 0
C26: 🏦 Fondos de inversión | D26: 0
C27: 📊 Renta Fija / Bonos | D27: 0
C28: 🏠 Inmobiliario / REITs | D28: 0
C29: ₿ Criptomonedas | D29: 0
C30: 💼 Plan de Pensiones | D30: 0
C31: 🌱 Crowdfunding | D31: 0
C32: 💛 Otros activos | D32: 0
C33: TOTAL INVERSIONES | D33: =SUM(D24:D32) -> 0
A35: ℹ️ Introduce los importes en las celdas azules. Las celdas negras son fórmulas automáticas.

Sheet Mayo
A1: 💰 MAYO — REGISTRO FINANCIERO PERSONAL
A2: RESUMEN DEL MES | B2: =B13 -> 0 | C2: =D20 -> 0 | D2: =B24 -> 0 | E2: =D33 -> 0
A3: 💰 BALANCE NETO | B3: =B2-C2 -> 0 | C3: 📊 % AHORRO/ING. | D3: =IFERROR(D2/B2,0) -> 0 | E3: 📈 % INVEST/ING.
A5: 💵 INGRESOS | C5: 💸 GASTOS
A6: Fuente de ingreso | B6: Importe (€) | C6: Categoría | D6: Importe (€)
A7: Salario principal | B7: 0 | C7: 🏠 Vivienda/Alquiler | D7: 0
A8: Salario secundario/Freelance | B8: 0 | C8: 🍽️ Alimentación | D8: 0
A9: Dividendos | B9: 0 | C9: 🚗 Transporte | D9: 0
A10: Alquileres | B10: 0 | C10: 💊 Salud/Farmacia | D10: 0
A11: Otros ingresos | B11: 0 | C11: 🎭 Ocio/Entretenimiento | D11: 0
A12: Ingresos extra | B12: 0 | C12: 👔 Ropa/Moda | D12: 0
A13: TOTAL INGRESOS | B13: =SUM(B7:B12) -> 0 | C13: 📱 Tecnología/Suscripciones | D13: 0
C14: 🎓 Educación/Formación | D14: 0
A15: 🏦 AHORRO | C15: ✈️ Viajes | D15: 0
A16: Tipo de ahorro | B16: Importe (€) | C16: 💆 Bienestar/Deporte | D16: 0
A17: 🏦 Cuenta de ahorro | B17: 0 | C17: 🎁 Regalos/Donaciones | D17: 0
A18: 💰 Fondo de emergencia | B18: 0 | C18: 🔧 Hogar/Reparaciones | D18: 0
A19: 🎯 Ahorro objetivo 1 | B19: 0 | C19: 📦 Otros gastos | D19: 0
A20: 🎯 Ahorro objetivo 2 | B20: 0 | C20: TOTAL GASTOS | D20: =SUM(D7:D19) -> 0
A21: 🏡 Ahorro vivienda | B21: 0
A22: 📚 Ahorro educación | B22: 0 | C22: 📈 INVERSIONES
A23: 🌴 Ahorro vacaciones | B23: 0 | C23: Tipo de inversión | D23: Importe (€)
A24: TOTAL AHORRO | B24: =SUM(B17:B23) -> 0 | C24: 📈 Acciones (Bolsa) | D24: 0
C25: 🔵 ETFs / Fondos Índice | D25: 0
C26: 🏦 Fondos de inversión | D26: 0
C27: 📊 Renta Fija / Bonos | D27: 0
C28: 🏠 Inmobiliario / REITs | D28: 0
C29: ₿ Criptomonedas | D29: 0
C30: 💼 Plan de Pensiones | D30: 0
C31: 🌱 Crowdfunding | D31: 0
C32: 💛 Otros activos | D32: 0
C33: TOTAL INVERSIONES | D33: =SUM(D24:D32) -> 0
A35: ℹ️ Introduce los importes en las celdas azules. Las celdas negras son fórmulas automáticas.

Sheet Junio
A1: 💰 JUNIO — REGISTRO FINANCIERO PERSONAL
A2: RESUMEN DEL MES | B2: =B13 -> 0 | C2: =D20 -> 0 | D2: =B24 -> 0 | E2: =D33 -> 0
A3: 💰 BALANCE NETO | B3: =B2-C2 -> 0 | C3: 📊 % AHORRO/ING. | D3: =IFERROR(D2/B2,0) -> 0 | E3: 📈 % INVEST/ING.
A5: 💵 INGRESOS | C5: 💸 GASTOS
A6: Fuente de ingreso | B6: Importe (€) | C6: Categoría | D6: Importe (€)
A7: Salario principal | B7: 0 | C7: 🏠 Vivienda/Alquiler | D7: 0
A8: Salario secundario/Freelance | B8: 0 | C8: 🍽️ Alimentación | D8: 0
A9: Dividendos | B9: 0 | C9: 🚗 Transporte | D9: 0
A10: Alquileres | B10: 0 | C10: 💊 Salud/Farmacia | D10: 0
A11: Otros ingresos | B11: 0 | C11: 🎭 Ocio/Entretenimiento | D11: 0
A12: Ingresos extra | B12: 0 | C12: 👔 Ropa/Moda | D12: 0
A13: TOTAL INGRESOS | B13: =SUM(B7:B12) -> 0 | C13: 📱 Tecnología/Suscripciones | D13: 0
C14: 🎓 Educación/Formación | D14: 0
A15: 🏦 AHORRO | C15: ✈️ Viajes | D15: 0
A16: Tipo de ahorro | B16: Importe (€) | C16: 💆 Bienestar/Deporte | D16: 0
A17: 🏦 Cuenta de ahorro | B17: 0 | C17: 🎁 Regalos/Donaciones | D17: 0
A18: 💰 Fondo de emergencia | B18: 0 | C18: 🔧 Hogar/Reparaciones | D18: 0
A19: 🎯 Ahorro objetivo 1 | B19: 0 | C19: 📦 Otros gastos | D19: 0
A20: 🎯 Ahorro objetivo 2 | B20: 0 | C20: TOTAL GASTOS | D20: =SUM(D7:D19) -> 0
A21: 🏡 Ahorro vivienda | B21: 0
A22: 📚 Ahorro educación | B22: 0 | C22: 📈 INVERSIONES
A23: 🌴 Ahorro vacaciones | B23: 0 | C23: Tipo de inversión | D23: Importe (€)
A24: TOTAL AHORRO | B24: =SUM(B17:B23) -> 0 | C24: 📈 Acciones (Bolsa) | D24: 0
C25: 🔵 ETFs / Fondos Índice | D25: 0
C26: 🏦 Fondos de inversión | D26: 0
C27: 📊 Renta Fija / Bonos | D27: 0
C28: 🏠 Inmobiliario / REITs | D28: 0
C29: ₿ Criptomonedas | D29: 0
C30: 💼 Plan de Pensiones | D30: 0
C31: 🌱 Crowdfunding | D31: 0
C32: 💛 Otros activos | D32: 0
C33: TOTAL INVERSIONES | D33: =SUM(D24:D32) -> 0
A35: ℹ️ Introduce los importes en las celdas azules. Las celdas negras son fórmulas automáticas.

Sheet Julio
A1: 💰 JULIO — REGISTRO FINANCIERO PERSONAL
A2: RESUMEN DEL MES | B2: =B13 -> 0 | C2: =D20 -> 0 | D2: =B24 -> 0 | E2: =D33 -> 0
A3: 💰 BALANCE NETO | B3: =B2-C2 -> 0 | C3: 📊 % AHORRO/ING. | D3: =IFERROR(D2/B2,0) -> 0 | E3: 📈 % INVEST/ING.
A5: 💵 INGRESOS | C5: 💸 GASTOS
A6: Fuente de ingreso | B6: Importe (€) | C6: Categoría | D6: Importe (€)
A7: Salario principal | B7: 0 | C7: 🏠 Vivienda/Alquiler | D7: 0
A8: Salario secundario/Freelance | B8: 0 | C8: 🍽️ Alimentación | D8: 0
A9: Dividendos | B9: 0 | C9: 🚗 Transporte | D9: 0
A10: Alquileres | B10: 0 | C10: 💊 Salud/Farmacia | D10: 0
A11: Otros ingresos | B11: 0 | C11: 🎭 Ocio/Entretenimiento | D11: 0
A12: Ingresos extra | B12: 0 | C12: 👔 Ropa/Moda | D12: 0
A13: TOTAL INGRESOS | B13: =SUM(B7:B12) -> 0 | C13: 📱 Tecnología/Suscripciones | D13: 0
C14: 🎓 Educación/Formación | D14: 0
A15: 🏦 AHORRO | C15: ✈️ Viajes | D15: 0
A16: Tipo de ahorro | B16: Importe (€) | C16: 💆 Bienestar/Deporte | D16: 0
A17: 🏦 Cuenta de ahorro | B17: 0 | C17: 🎁 Regalos/Donaciones | D17: 0
A18: 💰 Fondo de emergencia | B18: 0 | C18: 🔧 Hogar/Reparaciones | D18: 0
A19: 🎯 Ahorro objetivo 1 | B19: 0 | C19: 📦 Otros gastos | D19: 0
A20: 🎯 Ahorro objetivo 2 | B20: 0 | C20: TOTAL GASTOS | D20: =SUM(D7:D19) -> 0
A21: 🏡 Ahorro vivienda | B21: 0
A22: 📚 Ahorro educación | B22: 0 | C22: 📈 INVERSIONES
A23: 🌴 Ahorro vacaciones | B23: 0 | C23: Tipo de inversión | D23: Importe (€)
A24: TOTAL AHORRO | B24: =SUM(B17:B23) -> 0 | C24: 📈 Acciones (Bolsa) | D24: 0
C25: 🔵 ETFs / Fondos Índice | D25: 0
C26: 🏦 Fondos de inversión | D26: 0
C27: 📊 Renta Fija / Bonos | D27: 0
C28: 🏠 Inmobiliario / REITs | D28: 0
C29: ₿ Criptomonedas | D29: 0
C30: 💼 Plan de Pensiones | D30: 0
C31: 🌱 Crowdfunding | D31: 0
C32: 💛 Otros activos | D32: 0
C33: TOTAL INVERSIONES | D33: =SUM(D24:D32) -> 0
A35: ℹ️ Introduce los importes en las celdas azules. Las celdas negras son fórmulas automáticas.

Sheet Agosto
A1: 💰 AGOSTO — REGISTRO FINANCIERO PERSONAL
A2: RESUMEN DEL MES | B2: =B13 -> 0 | C2: =D20 -> 0 | D2: =B24 -> 0 | E2: =D33 -> 0
A3: 💰 BALANCE NETO | B3: =B2-C2 -> 0 | C3: 📊 % AHORRO/ING. | D3: =IFERROR(D2/B2,0) -> 0 | E3: 📈 % INVEST/ING.
A5: 💵 INGRESOS | C5: 💸 GASTOS
A6: Fuente de ingreso | B6: Importe (€) | C6: Categoría | D6: Importe (€)
A7: Salario principal | B7: 0 | C7: 🏠 Vivienda/Alquiler | D7: 0
A8: Salario secundario/Freelance | B8: 0 | C8: 🍽️ Alimentación | D8: 0
A9: Dividendos | B9: 0 | C9: 🚗 Transporte | D9: 0
A10: Alquileres | B10: 0 | C10: 💊 Salud/Farmacia | D10: 0
A11: Otros ingresos | B11: 0 | C11: 🎭 Ocio/Entretenimiento | D11: 0
A12: Ingresos extra | B12: 0 | C12: 👔 Ropa/Moda | D12: 0
A13: TOTAL INGRESOS | B13: =SUM(B7:B12) -> 0 | C13: 📱 Tecnología/Suscripciones | D13: 0
C14: 🎓 Educación/Formación | D14: 0
A15: 🏦 AHORRO | C15: ✈️ Viajes | D15: 0
A16: Tipo de ahorro | B16: Importe (€) | C16: 💆 Bienestar/Deporte | D16: 0
A17: 🏦 Cuenta de ahorro | B17: 0 | C17: 🎁 Regalos/Donaciones | D17: 0
A18: 💰 Fondo de emergencia | B18: 0 | C18: 🔧 Hogar/Reparaciones | D18: 0
A19: 🎯 Ahorro objetivo 1 | B19: 0 | C19: 📦 Otros gastos | D19: 0
A20: 🎯 Ahorro objetivo 2 | B20: 0 | C20: TOTAL GASTOS | D20: =SUM(D7:D19) -> 0
A21: 🏡 Ahorro vivienda | B21: 0
A22: 📚 Ahorro educación | B22: 0 | C22: 📈 INVERSIONES
A23: 🌴 Ahorro vacaciones | B23: 0 | C23: Tipo de inversión | D23: Importe (€)
A24: TOTAL AHORRO | B24: =SUM(B17:B23) -> 0 | C24: 📈 Acciones (Bolsa) | D24: 0
C25: 🔵 ETFs / Fondos Índice | D25: 0
C26: 🏦 Fondos de inversión | D26: 0
C27: 📊 Renta Fija / Bonos | D27: 0
C28: 🏠 Inmobiliario / REITs | D28: 0
C29: ₿ Criptomonedas | D29: 0
C30: 💼 Plan de Pensiones | D30: 0
C31: 🌱 Crowdfunding | D31: 0
C32: 💛 Otros activos | D32: 0
C33: TOTAL INVERSIONES | D33: =SUM(D24:D32) -> 0
A35: ℹ️ Introduce los importes en las celdas azules. Las celdas negras son fórmulas automáticas.

Sheet Septiembre
A1: 💰 SEPTIEMBRE — REGISTRO FINANCIERO PERSONAL
A2: RESUMEN DEL MES | B2: =B13 -> 0 | C2: =D20 -> 0 | D2: =B24 -> 0 | E2: =D33 -> 0
A3: 💰 BALANCE NETO | B3: =B2-C2 -> 0 | C3: 📊 % AHORRO/ING. | D3: =IFERROR(D2/B2,0) -> 0 | E3: 📈 % INVEST/ING.
A5: 💵 INGRESOS | C5: 💸 GASTOS
A6: Fuente de ingreso | B6: Importe (€) | C6: Categoría | D6: Importe (€)
A7: Salario principal | B7: 0 | C7: 🏠 Vivienda/Alquiler | D7: 0
A8: Salario secundario/Freelance | B8: 0 | C8: 🍽️ Alimentación | D8: 0
A9: Dividendos | B9: 0 | C9: 🚗 Transporte | D9: 0
A10: Alquileres | B10: 0 | C10: 💊 Salud/Farmacia | D10: 0
A11: Otros ingresos | B11: 0 | C11: 🎭 Ocio/Entretenimiento | D11: 0
A12: Ingresos extra | B12: 0 | C12: 👔 Ropa/Moda | D12: 0
A13: TOTAL INGRESOS | B13: =SUM(B7:B12) -> 0 | C13: 📱 Tecnología/Suscripciones | D13: 0
C14: 🎓 Educación/Formación | D14: 0
A15: 🏦 AHORRO | C15: ✈️ Viajes | D15: 0
A16: Tipo de ahorro | B16: Importe (€) | C16: 💆 Bienestar/Deporte | D16: 0
A17: 🏦 Cuenta de ahorro | B17: 0 | C17: 🎁 Regalos/Donaciones | D17: 0
A18: 💰 Fondo de emergencia | B18: 0 | C18: 🔧 Hogar/Reparaciones | D18: 0
A19: 🎯 Ahorro objetivo 1 | B19: 0 | C19: 📦 Otros gastos | D19: 0
A20: 🎯 Ahorro objetivo 2 | B20: 0 | C20: TOTAL GASTOS | D20: =SUM(D7:D19) -> 0
A21: 🏡 Ahorro vivienda | B21: 0
A22: 📚 Ahorro educación | B22: 0 | C22: 📈 INVERSIONES
A23: 🌴 Ahorro vacaciones | B23: 0 | C23: Tipo de inversión | D23: Importe (€)
A24: TOTAL AHORRO | B24: =SUM(B17:B23) -> 0 | C24: 📈 Acciones (Bolsa) | D24: 0
C25: 🔵 ETFs / Fondos Índice | D25: 0
C26: 🏦 Fondos de inversión | D26: 0
C27: 📊 Renta Fija / Bonos | D27: 0
C28: 🏠 Inmobiliario / REITs | D28: 0
C29: ₿ Criptomonedas | D29: 0
C30: 💼 Plan de Pensiones | D30: 0
C31: 🌱 Crowdfunding | D31: 0
C32: 💛 Otros activos | D32: 0
C33: TOTAL INVERSIONES | D33: =SUM(D24:D32) -> 0
A35: ℹ️ Introduce los importes en las celdas azules. Las celdas negras son fórmulas automáticas.

Sheet Octubre
A1: 💰 OCTUBRE — REGISTRO FINANCIERO PERSONAL
A2: RESUMEN DEL MES | B2: =B13 -> 0 | C2: =D20 -> 0 | D2: =B24 -> 0 | E2: =D33 -> 0
A3: 💰 BALANCE NETO | B3: =B2-C2 -> 0 | C3: 📊 % AHORRO/ING. | D3: =IFERROR(D2/B2,0) -> 0 | E3: 📈 % INVEST/ING.
A5: 💵 INGRESOS | C5: 💸 GASTOS
A6: Fuente de ingreso | B6: Importe (€) | C6: Categoría | D6: Importe (€)
A7: Salario principal | B7: 0 | C7: 🏠 Vivienda/Alquiler | D7: 0
A8: Salario secundario/Freelance | B8: 0 | C8: 🍽️ Alimentación | D8: 0
A9: Dividendos | B9: 0 | C9: 🚗 Transporte | D9: 0
A10: Alquileres | B10: 0 | C10: 💊 Salud/Farmacia | D10: 0
A11: Otros ingresos | B11: 0 | C11: 🎭 Ocio/Entretenimiento | D11: 0
A12: Ingresos extra | B12: 0 | C12: 👔 Ropa/Moda | D12: 0
A13: TOTAL INGRESOS | B13: =SUM(B7:B12) -> 0 | C13: 📱 Tecnología/Suscripciones | D13: 0
C14: 🎓 Educación/Formación | D14: 0
A15: 🏦 AHORRO | C15: ✈️ Viajes | D15: 0
A16: Tipo de ahorro | B16: Importe (€) | C16: 💆 Bienestar/Deporte | D16: 0
A17: 🏦 Cuenta de ahorro | B17: 0 | C17: 🎁 Regalos/Donaciones | D17: 0
A18: 💰 Fondo de emergencia | B18: 0 | C18: 🔧 Hogar/Reparaciones | D18: 0
A19: 🎯 Ahorro objetivo 1 | B19: 0 | C19: 📦 Otros gastos | D19: 0
A20: 🎯 Ahorro objetivo 2 | B20: 0 | C20: TOTAL GASTOS | D20: =SUM(D7:D19) -> 0
A21: 🏡 Ahorro vivienda | B21: 0
A22: 📚 Ahorro educación | B22: 0 | C22: 📈 INVERSIONES
A23: 🌴 Ahorro vacaciones | B23: 0 | C23: Tipo de inversión | D23: Importe (€)
A24: TOTAL AHORRO | B24: =SUM(B17:B23) -> 0 | C24: 📈 Acciones (Bolsa) | D24: 0
C25: 🔵 ETFs / Fondos Índice | D25: 0
C26: 🏦 Fondos de inversión | D26: 0
C27: 📊 Renta Fija / Bonos | D27: 0
C28: 🏠 Inmobiliario / REITs | D28: 0
C29: ₿ Criptomonedas | D29: 0
C30: 💼 Plan de Pensiones | D30: 0
C31: 🌱 Crowdfunding | D31: 0
C32: 💛 Otros activos | D32: 0
C33: TOTAL INVERSIONES | D33: =SUM(D24:D32) -> 0
A35: ℹ️ Introduce los importes en las celdas azules. Las celdas negras son fórmulas automáticas.

Sheet Noviembre
A1: 💰 NOVIEMBRE — REGISTRO FINANCIERO PERSONAL
A2: RESUMEN DEL MES | B2: =B13 -> 0 | C2: =D20 -> 0 | D2: =B24 -> 0 | E2: =D33 -> 0
A3: 💰 BALANCE NETO | B3: =B2-C2 -> 0 | C3: 📊 % AHORRO/ING. | D3: =IFERROR(D2/B2,0) -> 0 | E3: 📈 % INVEST/ING.
A5: 💵 INGRESOS | C5: 💸 GASTOS
A6: Fuente de ingreso | B6: Importe (€) | C6: Categoría | D6: Importe (€)
A7: Salario principal | B7: 0 | C7: 🏠 Vivienda/Alquiler | D7: 0
A8: Salario secundario/Freelance | B8: 0 | C8: 🍽️ Alimentación | D8: 0
A9: Dividendos | B9: 0 | C9: 🚗 Transporte | D9: 0
A10: Alquileres | B10: 0 | C10: 💊 Salud/Farmacia | D10: 0
A11: Otros ingresos | B11: 0 | C11: 🎭 Ocio/Entretenimiento | D11: 0
A12: Ingresos extra | B12: 0 | C12: 👔 Ropa/Moda | D12: 0
A13: TOTAL INGRESOS | B13: =SUM(B7:B12) -> 0 | C13: 📱 Tecnología/Suscripciones | D13: 0
C14: 🎓 Educación/Formación | D14: 0
A15: 🏦 AHORRO | C15: ✈️ Viajes | D15: 0
A16: Tipo de ahorro | B16: Importe (€) | C16: 💆 Bienestar/Deporte | D16: 0
A17: 🏦 Cuenta de ahorro | B17: 0 | C17: 🎁 Regalos/Donaciones | D17: 0
A18: 💰 Fondo de emergencia | B18: 0 | C18: 🔧 Hogar/Reparaciones | D18: 0
A19: 🎯 Ahorro objetivo 1 | B19: 0 | C19: 📦 Otros gastos | D19: 0
A20: 🎯 Ahorro objetivo 2 | B20: 0 | C20: TOTAL GASTOS | D20: =SUM(D7:D19) -> 0
A21: 🏡 Ahorro vivienda | B21: 0
A22: 📚 Ahorro educación | B22: 0 | C22: 📈 INVERSIONES
A23: 🌴 Ahorro vacaciones | B23: 0 | C23: Tipo de inversión | D23: Importe (€)
A24: TOTAL AHORRO | B24: =SUM(B17:B23) -> 0 | C24: 📈 Acciones (Bolsa) | D24: 0
C25: 🔵 ETFs / Fondos Índice | D25: 0
C26: 🏦 Fondos de inversión | D26: 0
C27: 📊 Renta Fija / Bonos | D27: 0
C28: 🏠 Inmobiliario / REITs | D28: 0
C29: ₿ Criptomonedas | D29: 0
C30: 💼 Plan de Pensiones | D30: 0
C31: 🌱 Crowdfunding | D31: 0
C32: 💛 Otros activos | D32: 0
C33: TOTAL INVERSIONES | D33: =SUM(D24:D32) -> 0
A35: ℹ️ Introduce los importes en las celdas azules. Las celdas negras son fórmulas automáticas.

Sheet Diciembre
A1: 💰 DICIEMBRE — REGISTRO FINANCIERO PERSONAL
A2: RESUMEN DEL MES | B2: =B13 -> 0 | C2: =D20 -> 0 | D2: =B24 -> 0 | E2: =D33 -> 0
A3: 💰 BALANCE NETO | B3: =B2-C2 -> 0 | C3: 📊 % AHORRO/ING. | D3: =IFERROR(D2/B2,0) -> 0 | E3: 📈 % INVEST/ING.
A5: 💵 INGRESOS | C5: 💸 GASTOS
A6: Fuente de ingreso | B6: Importe (€) | C6: Categoría | D6: Importe (€)
A7: Salario principal | B7: 0 | C7: 🏠 Vivienda/Alquiler | D7: 0
A8: Salario secundario/Freelance | B8: 0 | C8: 🍽️ Alimentación | D8: 0
A9: Dividendos | B9: 0 | C9: 🚗 Transporte | D9: 0
A10: Alquileres | B10: 0 | C10: 💊 Salud/Farmacia | D10: 0
A11: Otros ingresos | B11: 0 | C11: 🎭 Ocio/Entretenimiento | D11: 0
A12: Ingresos extra | B12: 0 | C12: 👔 Ropa/Moda | D12: 0
A13: TOTAL INGRESOS | B13: =SUM(B7:B12) -> 0 | C13: 📱 Tecnología/Suscripciones | D13: 0
C14: 🎓 Educación/Formación | D14: 0
A15: 🏦 AHORRO | C15: ✈️ Viajes | D15: 0
A16: Tipo de ahorro | B16: Importe (€) | C16: 💆 Bienestar/Deporte | D16: 0
A17: 🏦 Cuenta de ahorro | B17: 0 | C17: 🎁 Regalos/Donaciones | D17: 0
A18: 💰 Fondo de emergencia | B18: 0 | C18: 🔧 Hogar/Reparaciones | D18: 0
A19: 🎯 Ahorro objetivo 1 | B19: 0 | C19: 📦 Otros gastos | D19: 0
A20: 🎯 Ahorro objetivo 2 | B20: 0 | C20: TOTAL GASTOS | D20: =SUM(D7:D19) -> 0
A21: 🏡 Ahorro vivienda | B21: 0
A22: 📚 Ahorro educación | B22: 0 | C22: 📈 INVERSIONES
A23: 🌴 Ahorro vacaciones | B23: 0 | C23: Tipo de inversión | D23: Importe (€)
A24: TOTAL AHORRO | B24: =SUM(B17:B23) -> 0 | C24: 📈 Acciones (Bolsa) | D24: 0
C25: 🔵 ETFs / Fondos Índice | D25: 0
C26: 🏦 Fondos de inversión | D26: 0
C27: 📊 Renta Fija / Bonos | D27: 0
C28: 🏠 Inmobiliario / REITs | D28: 0
C29: ₿ Criptomonedas | D29: 0
C30: 💼 Plan de Pensiones | D30: 0
C31: 🌱 Crowdfunding | D31: 0
C32: 💛 Otros activos | D32: 0
C33: TOTAL INVERSIONES | D33: =SUM(D24:D32) -> 0
A35: ℹ️ Introduce los importes en las celdas azules. Las celdas negras son fórmulas automáticas.

Sheet 📈 Portfolio
A1: 📈 SEGUIMIENTO DE PORTFOLIO E INVERSIONES
A2: Activo / Inversión | B2: Tipo | C2: Valor Inicial (€) | D2: Valor Actual (€) | E2: Rentabilidad (€) | F2: Rentabilidad (%) | G2: % del Portfolio | H2: Notas
A3: Acciones Iberdrola | B3: Acciones | C3: 0 | D3: 0 | E3: =D3-C3 -> 0 | F3: =IFERROR((D3-C3)/C3,0) -> 0 | G3: =IFERROR(D3/D15,0) -> 0
A4: Acciones Inditex | B4: Acciones | C4: 0 | D4: 0 | E4: =D4-C4 -> 0 | F4: =IFERROR((D4-C4)/C4,0) -> 0 | G4: =IFERROR(D4/D15,0) -> 0
A5: ETF S&P500 | B5: ETF | C5: 0 | D5: 0 | E5: =D5-C5 -> 0 | F5: =IFERROR((D5-C5)/C5,0) -> 0 | G5: =IFERROR(D5/D15,0) -> 0
A6: ETF MSCI World | B6: ETF | C6: 0 | D6: 0 | E6: =D6-C6 -> 0 | F6: =IFERROR((D6-C6)/C6,0) -> 0 | G6: =IFERROR(D6/D15,0) -> 0
A7: Fondo Cartera Naranja | B7: Fondo | C7: 0 | D7: 0 | E7: =D7-C7 -> 0 | F7: =IFERROR((D7-C7)/C7,0) -> 0 | G7: =IFERROR(D7/D15,0) -> 0
A8: Bitcoin | B8: Cripto | C8: 0 | D8: 0 | E8: =D8-C8 -> 0 | F8: =IFERROR((D8-C8)/C8,0) -> 0 | G8: =IFERROR(D8/D15,0) -> 0
A9: Ethereum | B9: Cripto | C9: 0 | D9: 0 | E9: =D9-C9 -> 0 | F9: =IFERROR((D9-C9)/C9,0) -> 0 | G9: =IFERROR(D9/D15,0) -> 0
A10: Plan Pensiones AXA | B10: Pensiones | C10: 0 | D10: 0 | E10: =D10-C10 -> 0 | F10: =IFERROR((D10-C10)/C10,0) -> 0 | G10: =IFERROR(D10/D15,0) -> 0
A11: Piso alquiler | B11: Inmobiliario | C11: 0 | D11: 0 | E11: =D11-C11 -> 0 | F11: =IFERROR((D11-C11)/C11,0) -> 0 | G11: =IFERROR(D11/D15,0) -> 0
A12: Crowdfunding Urbanitae | B12: Crowdfunding | C12: 0 | D12: 0 | E12: =D12-C12 -> 0 | F12: =IFERROR((D12-C12)/C12,0) -> 0 | G12: =IFERROR(D12/D15,0) -> 0
A13: Bonos del Tesoro | B13: Renta Fija | C13: 0 | D13: 0 | E13: =D13-C13 -> 0 | F13: =IFERROR((D13-C13)/C13,0) -> 0 | G13: =IFERROR(D13/D15,0) -> 0
A14: Oro / Metales | B14: Materias Primas | C14: 0 | D14: 0 | E14: =D14-C14 -> 0 | F14: =IFERROR((D14-C14)/C14,0) -> 0 | G14: =IFERROR(D14/D15,0) -> 0
A15: TOTAL PORTFOLIO | C15: =SUM(C3:C14) -> 0 | D15: =SUM(D3:D14) -> 0 | E15: =D15-C15 -> 0 | F15: =IFERROR((D15-C15)/C15,0) -> 0

Sheet 🎯 Objetivos
A1: 🎯 OBJETIVOS FINANCIEROS PERSONALES
A2: Objetivo | B2: Meta (€) | C2: Ahorrado (€) | D2: Progreso (%) | E2: Fecha límite | F2: Mensual necesario (€) | G2: Estado
A3: 🚨 Fondo de emergencia (3-6 meses) | B3: 0 | C3: 0 | D3: =IFERROR(C3/B3,0) -> 0 | F3: =IFERROR((B3-C3)/MAX(1,(E3-TODAY())/30),0) -> 0 | G3: =IF(D3>=1,"✅ Completado",IF(D3>=0.75,"🟡 Casi listo",IF(D3>=0.5,"🔵 En progreso","🔴 Por empezar"))) -> 🔴 Por empezar
A4: 🏠 Entrada piso / hipoteca | B4: 0 | C4: 0 | D4: =IFERROR(C4/B4,0) -> 0 | F4: =IFERROR((B4-C4)/MAX(1,(E4-TODAY())/30),0) -> 0 | G4: =IF(D4>=1,"✅ Completado",IF(D4>=0.75,"🟡 Casi listo",IF(D4>=0.5,"🔵 En progreso","🔴 Por empezar"))) -> 🔴 Por empezar
A5: 🚗 Coche nuevo | B5: 0 | C5: 0 | D5: =IFERROR(C5/B5,0) -> 0 | F5: =IFERROR((B5-C5)/MAX(1,(E5-TODAY())/30),0) -> 0 | G5: =IF(D5>=1,"✅ Completado",IF(D5>=0.75,"🟡 Casi listo",IF(D5>=0.5,"🔵 En progreso","🔴 Por empezar"))) -> 🔴 Por empezar
A6: ✈️ Viaje soñado | B6: 0 | C6: 0 | D6: =IFERROR(C6/B6,0) -> 0 | F6: =IFERROR((B6-C6)/MAX(1,(E6-TODAY())/30),0) -> 0 | G6: =IF(D6>=1,"✅ Completado",IF(D6>=0.75,"🟡 Casi listo",IF(D6>=0.5,"🔵 En progreso","🔴 Por empezar"))) -> 🔴 Por empezar
A7: 📚 Formación / Máster | B7: 0 | C7: 0 | D7: =IFERROR(C7/B7,0) -> 0 | F7: =IFERROR((B7-C7)/MAX(1,(E7-TODAY())/30),0) -> 0 | G7: =IF(D7>=1,"✅ Completado",IF(D7>=0.75,"🟡 Casi listo",IF(D7>=0.5,"🔵 En progreso","🔴 Por empezar"))) -> 🔴 Por empezar
A8: 💍 Boda / Evento especial | B8: 0 | C8: 0 | D8: =IFERROR(C8/B8,0) -> 0 | F8: =IFERROR((B8-C8)/MAX(1,(E8-TODAY())/30),0) -> 0 | G8: =IF(D8>=1,"✅ Completado",IF(D8>=0.75,"🟡 Casi listo",IF(D8>=0.5,"🔵 En progreso","🔴 Por empezar"))) -> 🔴 Por empezar
A9: 👶 Familia / Hijos | B9: 0 | C9: 0 | D9: =IFERROR(C9/B9,0) -> 0 | F9: =IFERROR((B9-C9)/MAX(1,(E9-TODAY())/30),0) -> 0 | G9: =IF(D9>=1,"✅ Completado",IF(D9>=0.75,"🟡 Casi listo",IF(D9>=0.5,"🔵 En progreso","🔴 Por empezar"))) -> 🔴 Por empezar
A10: 🌴 Jubilación anticipada | B10: 0 | C10: 0 | D10: =IFERROR(C10/B10,0) -> 0 | F10: =IFERROR((B10-C10)/MAX(1,(E10-TODAY())/30),0) -> 0 | G10: =IF(D10>=1,"✅ Completado",IF(D10>=0.75,"🟡 Casi listo",IF(D10>=0.5,"🔵 En progreso","🔴 Por empezar"))) -> 🔴 Por empezar
A11: 💼 Montar negocio | B11: 0 | C11: 0 | D11: =IFERROR(C11/B11,0) -> 0 | F11: =IFERROR((B11-C11)/MAX(1,(E11-TODAY())/30),0) -> 0 | G11: =IF(D11>=1,"✅ Completado",IF(D11>=0.75,"🟡 Casi listo",IF(D11>=0.5,"🔵 En progreso","🔴 Por empezar"))) -> 🔴 Por empezar
A12: 🎯 Objetivo personal 1 | B12: 0 | C12: 0 | D12: =IFERROR(C12/B12,0) -> 0 | F12: =IFERROR((B12-C12)/MAX(1,(E12-TODAY())/30),0) -> 0 | G12: =IF(D12>=1,"✅ Completado",IF(D12>=0.75,"🟡 Casi listo",IF(D12>=0.5,"🔵 En progreso","🔴 Por empezar"))) -> 🔴 Por empezar
A13: 🎯 Objetivo personal 2 | B13: 0 | C13: 0 | D13: =IFERROR(C13/B13,0) -> 0 | F13: =IFERROR((B13-C13)/MAX(1,(E13-TODAY())/30),0) -> 0 | G13: =IF(D13>=1,"✅ Completado",IF(D13>=0.75,"🟡 Casi listo",IF(D13>=0.5,"🔵 En progreso","🔴 Por empezar"))) -> 🔴 Por empezar

Sheet 📉 Gráficos Anuales
A1: 📉 ANÁLISIS GRÁFICO ANUAL
A2: Mes | B2: Ingresos | C2: Gastos | D2: Ahorro | E2: Inversiones | F2: Balance | G2: Acum.Ahorro | H2: Acum.Inversiones
A3: Enero | B3: ='📊 Resumen Anual'!B9 -> 0 | C3: ='📊 Resumen Anual'!C9 -> 0 | D3: ='📊 Resumen Anual'!D9 -> 0 | E3: ='📊 Resumen Anual'!E9 -> 0 | F3: ='📊 Resumen Anual'!F9 -> 0 | G3: ='📊 Resumen Anual'!I9 -> 0 | H3: ='📊 Resumen Anual'!J9 -> 0
A4: Febrero | B4: ='📊 Resumen Anual'!B10 -> 0 | C4: ='📊 Resumen Anual'!C10 -> 0 | D4: ='📊 Resumen Anual'!D10 -> 0 | E4: ='📊 Resumen Anual'!E10 -> 0 | F4: ='📊 Resumen Anual'!F10 -> 0 | G4: ='📊 Resumen Anual'!I10 -> 0 | H4: ='📊 Resumen Anual'!J10 -> 0
A5: Marzo | B5: ='📊 Resumen Anual'!B11 -> 0 | C5: ='📊 Resumen Anual'!C11 -> 0 | D5: ='📊 Resumen Anual'!D11 -> 0 | E5: ='📊 Resumen Anual'!E11 -> 0 | F5: ='📊 Resumen Anual'!F11 -> 0 | G5: ='📊 Resumen Anual'!I11 -> 0 | H5: ='📊 Resumen Anual'!J11 -> 0
A6: Abril | B6: ='📊 Resumen Anual'!B12 -> 0 | C6: ='📊 Resumen Anual'!C12 -> 0 | D6: ='📊 Resumen Anual'!D12 -> 0 | E6: ='📊 Resumen Anual'!E12 -> 0 | F6: ='📊 Resumen Anual'!F12 -> 0 | G6: ='📊 Resumen Anual'!I12 -> 0 | H6: ='📊 Resumen Anual'!J12 -> 0
A7: Mayo | B7: ='📊 Resumen Anual'!B13 -> 0 | C7: ='📊 Resumen Anual'!C13 -> 0 | D7: ='📊 Resumen Anual'!D13 -> 0 | E7: ='📊 Resumen Anual'!E13 -> 0 | F7: ='📊 Resumen Anual'!F13 -> 0 | G7: ='📊 Resumen Anual'!I13 -> 0 | H7: ='📊 Resumen Anual'!J13 -> 0
A8: Junio | B8: ='📊 Resumen Anual'!B14 -> 0 | C8: ='📊 Resumen Anual'!C14 -> 0 | D8: ='📊 Resumen Anual'!D14 -> 0 | E8: ='📊 Resumen Anual'!E14 -> 0 | F8: ='📊 Resumen Anual'!F14 -> 0 | G8: ='📊 Resumen Anual'!I14 -> 0 | H8: ='📊 Resumen Anual'!J14 -> 0
A9: Julio | B9: ='📊 Resumen Anual'!B15 -> 0 | C9: ='📊 Resumen Anual'!C15 -> 0 | D9: ='📊 Resumen Anual'!D15 -> 0 | E9: ='📊 Resumen Anual'!E15 -> 0 | F9: ='📊 Resumen Anual'!F15 -> 0 | G9: ='📊 Resumen Anual'!I15 -> 0 | H9: ='📊 Resumen Anual'!J15 -> 0
A10: Agosto | B10: ='📊 Resumen Anual'!B16 -> 0 | C10: ='📊 Resumen Anual'!C16 -> 0 | D10: ='📊 Resumen Anual'!D16 -> 0 | E10: ='📊 Resumen Anual'!E16 -> 0 | F10: ='📊 Resumen Anual'!F16 -> 0 | G10: ='📊 Resumen Anual'!I16 -> 0 | H10: ='📊 Resumen Anual'!J16 -> 0
A11: Septiembre | B11: ='📊 Resumen Anual'!B17 -> 0 | C11: ='📊 Resumen Anual'!C17 -> 0 | D11: ='📊 Resumen Anual'!D17 -> 0 | E11: ='📊 Resumen Anual'!E17 -> 0 | F11: ='📊 Resumen Anual'!F17 -> 0 | G11: ='📊 Resumen Anual'!I17 -> 0 | H11: ='📊 Resumen Anual'!J17 -> 0
A12: Octubre | B12: ='📊 Resumen Anual'!B18 -> 0 | C12: ='📊 Resumen Anual'!C18 -> 0 | D12: ='📊 Resumen Anual'!D18 -> 0 | E12: ='📊 Resumen Anual'!E18 -> 0 | F12: ='📊 Resumen Anual'!F18 -> 0 | G12: ='📊 Resumen Anual'!I18 -> 0 | H12: ='📊 Resumen Anual'!J18 -> 0
A13: Noviembre | B13: ='📊 Resumen Anual'!B19 -> 0 | C13: ='📊 Resumen Anual'!C19 -> 0 | D13: ='📊 Resumen Anual'!D19 -> 0 | E13: ='📊 Resumen Anual'!E19 -> 0 | F13: ='📊 Resumen Anual'!F19 -> 0 | G13: ='📊 Resumen Anual'!I19 -> 0 | H13: ='📊 Resumen Anual'!J19 -> 0
A14: Diciembre | B14: ='📊 Resumen Anual'!B20 -> 0 | C14: ='📊 Resumen Anual'!C20 -> 0 | D14: ='📊 Resumen Anual'!D20 -> 0 | E14: ='📊 Resumen Anual'!E20 -> 0 | F14: ='📊 Resumen Anual'!F20 -> 0 | G14: ='📊 Resumen Anual'!I20 -> 0 | H14: ='📊 Resumen Anual'!J20 -> 0
J17: Categoría | K17: Total
J18: Gastos | K18: =SUM(C3:C14) -> 0
J19: Ahorro | K19: =SUM(D3:D14) -> 0
J20: Inversiones | K20: =SUM(E3:E14) -> 0

Sheet 🔢 Calculadoras
A1: 🔢 CALCULADORAS FINANCIERAS
A3: 📐 REGLA 50/30/20
A4: Ingreso mensual neto | B4: 0
A5: 🔴 Necesidades (50%) | B5: =B4*0.5 -> 0
A6: 🟡 Deseos (30%) | B6: =B4*0.3 -> 0
A7: 🟢 Ahorro/Inversión (20%) | B7: =B4*0.2 -> 0
A10: 📈 INTERÉS COMPUESTO
A11: Capital inicial (€) | B11: 0
A12: Aportación mensual (€) | B12: 0
A13: Rentabilidad anual (%) | B13: 0
A14: Años de inversión | B14: 0
A15: Capital final estimado (€) | B15: =B11*(1+B13)^B14+B12*12*((1+B13)^B14-1)/B13 -> #DIV/0!
A16: Ganancia total (€) | B16: =B15-(B11+B12*12*B14) -> #DIV/0!
A20: 📌 LEYENDA DE COLORES: 🔵 Celdas azules = Introduce tus datos | ⚫ Celdas negras = Fórmulas automáticas | 🟡 Fondo dorado = Totales
